 Dungeon Crawl Stone Soup version 0.27-a0-1144-g0b7d3b79db (webtiles) character file.

Game seed: 6480688838439480116

35 bilbop the Magician (level 3, -1/27 HPs)
             Began as a Djinni Air Elementalist on May 10, 2021.
             Slain by Ijyb
             ... wielding a +4 club
              (6 damage)
             ... on level 2 of the Dungeon.
             The game lasted 00:05:33 (1713 turns).

bilbop the Magician (Djinni Air Elementalist)       Turns: 1713, Time: 00:05:34

Health: -1/27      AC:  2    Str: 13    XL:     3   Next: 35%
Gold:   54         EV: 12    Int: 16    God:
                   SH:  0    Dex: 14

rFire    + + .     SeeInvis .   e - +0 dagger
rCold    x . .     Faith    .   (no shield)
rNeg     . . .     Spirit   .   a - +0 robe
rPois    ∞         Reflect  .   (no helmet)
rElec    .         Harm     .   (no cloak)
rCorr    .         Rampage  .   (no gloves)
Will     .....                  (boots unavailable)
Stlth    ++........             (no amulet)
HPRegen  0.09/turn              i - +6 ring of strength
MPRegen  0.00/turn              (no ring)

@: flying
A: sickness immunity, fire resistance 2, cold vulnerability 1, float, innate
caster, hp casting, extra vitality 1
a: no special abilities


You were on level 2 of the Dungeon.
You visited 1 branch of the dungeon, and saw 2 of its levels.

You collected 54 gold pieces.

Inventory:

Hand Weapons
 e - a +0 dagger (weapon)
Armour
 a - a +0 robe (worn)
Jewellery
 i - a +6 ring of strength (left hand)
Scrolls
 b - 2 scrolls of identify {unknown}
 g - a scroll of amnesia {unknown}
 h - a scroll of immolation {unknown}
Potions
 c - a potion of attraction {unknown}
 d - 2 potions of curing {unknown}
 f - a potion of might {unknown}
 j - a potion of degeneration {unknown}


   Skills:
 + Level 1.0 Fighting
 + Level 1.0 Long Blades
 - Level 2.1 Dodging
 + Level 2.0 Stealth
 * Level 3.1 Spellcasting


You couldn't memorise any spells.
You knew the following spells:

 Your Spells              Type           Power      Damage    Failure   Level
a - Shock                 Conj/Air       48%        1d6       4%          1
b - Static Discharge      Conj/Air       12%        N/A       8%          2
c - Swiftness             Air            12%        N/A       16%         3
d - Airstrike             Air            6%         N/A       45%         4
e - Lightning Bolt        Conj/Air       6%         1d18      80%         5
f - Pain                  Necr           48%        1d6       4%          1
Your spell library was empty.

Dungeon Overview and Level Annotations

Branches:
Dungeon (2/15)

Altars:

Annotations:
D:2 Ijyb


Innate Abilities, Weirdness & Mutations

You are immune to sickness and miasma.
You are immune to poison.
Your flesh is very heat resistant. (rF++)
You are vulnerable to cold. (rC-)
You float through the air rather than walking.
You learn spells naturally, not from books.
Your magical power is your life essence.
You have superior vitality. (+4 HP)


Message History

The zap hits the goblin.
The goblin is heavily wounded.
The zap misses the goblin.
The zap hits the goblin.
The goblin is moderately wounded.
The zap misses the goblin.
The zap hits the goblin.
You kill the goblin!
The zap hits the goblin.
The goblin is heavily wounded.
The zap hits Ijyb.
Ijyb is lightly wounded.
The zap hits the goblin.
The goblin is heavily wounded.
The zap hits the goblin.
You kill the goblin!
The zap hits Ijyb.
Ijyb is moderately wounded.
The goblin hits you with a +0 club.
The zap hits the goblin.
You kill the goblin!
The zap misses Ijyb.
Things that are here:
a +0 club; a goblin corpse Ijyb hits you with a +4 club!
Casting: Shock (safe; 4% risk of failure)
Confirm with . or Enter, or press ? or * to list all spells.
Aiming: Pain (safe; 4% risk of failure)
Press: ? - help, Shift-Dir - straight line, f - Ijyb
Aim: Ijyb, wielding a +4 club, wearing a +0 leather armour and carrying a wand of polymorph (8) (moderately wounded, chance to affect: 76%) Ijyb writhes in agony.
Ijyb hits you with a +4 club.
* * * LOW HITPOINT WARNING * * *
Casting: Pain (safe; 4% risk of failure)
Confirm with . or Enter, or press ? or * to list all spells.
Ijyb is struck by an arc of lightning.
Ijyb is heavily wounded.
You are struck by an arc of lightning.
* * * LOW HITPOINT WARNING * * *
The lightning grounds out.
* * * LOW HITPOINT WARNING * * *
Ijyb hits you with a +4 club.
You die...

####### #.....# #############
#####.....###..)@g).....######.
.............†#########.......>
#####.....##### 8.8.8.8..######
#.....# ..gg$....# #.....#
..g......# #...### .g..g....#
#...# ..g......# #...#
.........# #.=.# 8.8.8.8..#


You could see Ijyb.

Vanquished Creatures
  A dart slug (D:1)
  2 bats (D:1)
  2 endoplasms (D:1)
  8 goblins
  3 hobgoblins
  4 jackals
  A kobold (D:1)
  A quokka (D:1)
  3 frilled lizards
  6 rats
31 creatures vanquished.

Notes
Turn   | Place    | Note
-------+----------+-------------------------------------------
     0 | D:1      | bilbop the Djinni Air Elementalist began the quest for the
                  | Orb.
     0 | D:1      | Reached XP level 1. HP: 15/15 MP: 0/0
   341 | D:1      | Reached XP level 2. HP: 21/22 MP: 0/0
   669 | D:1      | Reached skill level 3 in Spellcasting
  1317 | D:2      | Reached XP level 3. HP: 22/26 MP: 0/0
  1317 | D:2      | Learned a level 1 spell: Pain
  1345 | D:2      | Reached skill level 1 in Fighting
  1413 | D:2      | Reached skill level 1 in Long Blades
  1695 | D:2      | Noticed Ijyb
  1713 | D:2      | Slain by Ijyb

Illustrated notes

Levels and vault maps discovered:
D:1:      saegor_arrival_simple_c, layout_basic,
          amcnicky_mini_rare_corridor_liquid, ebering_dispersal_statue_hall,
          chequers_serial_rivers_micro_e
D:2:      kennysheep_the_goblin_king, layout_basic, uniq_crazy_yiuf_cottage

Skill      XL: |  1  2  3 |
---------------+----------+-----
Spellcasting   | 3 |  3.1
Fighting       | 1 |  1.0
Stealth        | 2 |  2.0
Long Blades    | 1 |  1.0
Dodging        | |  2.1

Action                   || total
-------------------------++-------
 Cast: Shock             ||    69
       Pain              ||     1
       Static Discharge  ||     1
Armor: Robe              ||     2
Dodge: Dodged            ||     3

Table legend: (Time is in decaauts)
 A = Elapsed time spent in this place.
 B = Non-inter-level travel time spent in this place.
 C = Inter-level travel time spent in this place.
 D = Time resting spent in this place.
 E = Time spent auto-exploring this place.
 F = Levels seen in this place.
 G = Mean time per level.
                   A        B        C        D        E       F      G
               +--------+--------+--------+--------+--------+-----+--------+
         Total |   1711 |   1673 |     38 |    315 |   1229 |   2 |  855.5 |
       Dungeon |   1711 |   1673 |     38 |    315 |   1229 |   2 |  855.5 |
               +--------+--------+--------+--------+--------+-----+--------+

Top non-repeatable levels by time:
     D:1: 1255 daAuts
     D:2: 456 daAuts
